 Dungeon Crawl Stone Soup version 0.25-a0-875-geaba134f46 (webtiles) character file.

Game seed: 13106164935774420037, levelgen mode: classic

548 EnegeticOcto the Slasher (level 7, -5/49 HPs)
             Began as an Octopode Fighter on May 1, 2020.
             Killed from afar by an orc wizard (7 damage)
             ... with a puff of flame
             ... on level 4 of the Dungeon.
             The game lasted 00:01:27 (4091 turns).

EnegeticOcto the Slasher (Octopode Fighter)         Turns: 4091, Time: 00:01:28

Health: -5/49      AC:  1    Str: 19    XL:     7   Next: 28%
Magic:  7/7        EV: 12    Int: 10    God:
Gold:   211        SH:  9    Dex: 12    Spells: 6/6 levels left

rFire    . . .     SeeInvis .   a - +0 long sword
rCold    . . .     Gourm    .   b - +0 kite shield
rNeg     . . .     Faith    .   (helmet restricted)
rPois    .         Spirit   .   (no amulet)
rElec    .         Reflect  .   (no ring)
rCorr    .         Harm     .   (no ring)
MR       .....                  (no ring)
Stlth    ++........             (no ring)
HPRegen  0.16/turn              (no ring)
MPRegen  0.10/turn              (no ring)
                                (no ring)
                                (no ring)

@: no status effects
A: almost no armour, stealthy swim, amphibious, 8 rings, constrict 8, antennae
1, camouflage 1, strong 1, gelatinous body 1
a: no special abilities


You were on level 4 of the Dungeon.
You were very hungry.

You visited 1 branch of the dungeon, and saw 4 of its levels.

You collected 211 gold pieces.

Inventory:

Hand Weapons
 a - a +0 long sword (weapon)
Missiles
 w - a throwing net (quivered)
Armour
 b - a +0 kite shield (worn)
Jewellery
 u - an uncursed ring of protection from magic {unknown}
Wands
 n - a wand of flame (21) {@v3}
 p - a wand of acid (10) {@v1}
Scrolls
 f - 2 scrolls of teleportation {unknown}
 g - a scroll of random uselessness {unknown}
 j - 2 scrolls of enchant armour
 l - a scroll of enchant weapon {unknown}
 m - 3 scrolls of remove curse {unknown}
 o - 2 scrolls of fear {unknown}
 s - a scroll of fog {unknown}
 v - a scroll of immolation {unknown}
 x - 2 scrolls of identify {@r1}
Potions
 c - 2 potions of cancellation
 d - a potion of berserk rage
 h - a potion of flight {unknown}
 i - a potion of curing {@q1}
 k - a potion of might {@q3}
 q - a potion of heal wounds {@q2}
 r - a potion of ambrosia {unknown}
 t - a potion of haste {unknown}
 z - a potion of degeneration {unknown}
Comestibles
 e - 10 rations


   Skills:
 + Level 4.7 Fighting
 * Level 5.6 Long Blades
 - Level 3.0 Dodging
 + Level 4.7 Shields


You had 6 spell levels left.
You didn't know any spells.
Your spell library was empty.

Dungeon Overview and Level Annotations

Branches:
Dungeon (4/15)
 Temple: D:4-7

Altars:
Okawaru

Annotations:
D:4 3 runed translucent doors, sixsigma's ghost, amateur GnWz


Innate Abilities, Weirdness & Mutations

You cannot wear most types of armour.
You are very stealthy in the water. (Stealth+)
You are amphibious.
You can wear up to eight rings at the same time.
You can use your tentacles to constrict eight enemies at once.
Your skin changes colour to match your surroundings (Stealth+).
Your rubbery body absorbs attacks. (AC +1, EV +1)
You have a pair of small antennae on your head.
Your muscles are strong. (Str +2)


Message History

An adder is nearby!
The helpless adder fails to defend itself.
You slash the adder! Your grab misses the adder.
The adder is almost dead.
The adder closely misses you. You block the adder's attack.
Your shield prevents you from hitting the adder.
Your grab misses the adder. Your squeeze misses the adder.
The adder is severely wounded.
The adder bites you. x2
You miss the adder. You grab the adder.
The adder is severely wounded.
You constrict the adder.
You kill the adder!
No target in view!
No target in view!
No target in view!
No target in view!
No target in view!
No target in view!
No target in view!
No target in view!
No target in view!
You are feeling very hungry.
Found a flail.
An adder skeleton comes into view.
An adder skeleton is nearby!
An adder skeleton is nearby! 2 orc wizards come into view.
The orc wizard shouts!
You hear a shout!
An orc comes into view. It is wielding a +0 mace.
The orc wizard shouts!
You hear a shout!
The orc wizard gestures wildly while chanting.
The orc wizard flickers and vanishes!
Deactivating autopickup; reactivate with Ctrl-A.
You slash the orc wizard! Your grab misses the orc wizard.
The orc wizard is severely wounded.
You hit the orc wizard. Your grab misses the orc wizard.
Your squeeze misses the orc wizard.
The orc wizard is almost dead.
An orc priest comes into view. It is wielding a +0 war axe.
You hit the orc wizard but do no damage.
You grab the orc wizard.
The orc wizard is almost dead.
You constrict the orc wizard.
You kill the orc wizard!
You miss something. You squeeze something. Something hits you.
The adder skeleton bites you. The orc hits you with a +0 mace.
You hit the orc. You grab the orc.
The orc is severely wounded.
You constrict the orc. The adder skeleton closely misses you.
Something barely misses you. You block the orc's attack.
You hit the orc.
You kill the orc!
You block the adder skeleton's attack. Something hits you.
An orc comes into view.
You closely miss the adder skeleton.
The orc shouts!
You grab the adder skeleton. You squeeze the adder skeleton!
You destroy the adder skeleton!
Something hits you.
You barely miss the orc priest. Your grab misses the orc priest.
You hear some strange, mumbled words.
A puff of flame appears from out of thin air!
The puff of flame hits you! You block something's attack.
The orc priest closely misses you.
You riposte.
You slash the orc priest! You grab the orc priest.
The orc priest is heavily wounded.
You are too injured to fight recklessly!
You are too injured to fight recklessly!
You are too injured to fight recklessly!
You are too injured to fight recklessly!
You are too injured to fight recklessly!
You are too injured to fight recklessly!
You are too injured to fight recklessly!
You are too injured to fight recklessly!
You slash the orc priest!
The orc priest is almost dead.
You constrict the orc priest.
You kill the orc priest!
The orc hits you.
You barely miss something. You block the orc's attack. Something hits you.
You slash the orc!
You kill the orc!
You hear some strange, mumbled words.
You miss something. Something hits you. Something hits you but does no damage.
You hit something. You block something's attack. Something hits you.
* * * LOW HITPOINT WARNING * * *
You closely miss something. Something hits you.
* * * LOW HITPOINT WARNING * * *
You barely miss something. Your squeeze misses something.
You hear some strange, mumbled words.
A puff of flame appears from out of thin air!
The puff of flame hits you!
* * * LOW HITPOINT WARNING * * *
You miss something.
You hear some strange, mumbled words.
A puff of flame appears from out of thin air!
The puff of flame hits you!
You die...

#######...#.#.............#
#.#..
......#####.#.#...#####...#
#.#.. ......# #.#.#.#.#...#...#
#.#.. ).....#
#.#.#.#.#.#.#...###.#.. ♣♣8...#
#.#.#........#....#.#.. ♣♣...#
#.#.#.#.#[..#.#####.#.. ♣...###
#.#...).#...........#.#
♣...'.###.#####.#.#............
♣...#.....#{#)@{#.#.#..######.#
♣♣...#####.#
#.#.#.#.........#.# ♣♣8...#
#.#...#.#...#..####.#.. ......#
#.#.###.#........##.### ......#
#.#. #.#.............. ......#
#.# #.#.#########.### #######
#.# ..#.# #.... #.#######.#
##### #.........#


There were no monsters in sight!

Vanquished Creatures
  2 hounds
  An orc priest (D:4)
  4 orc wizards (D:4)
  Jessica (D:2)
  Ijyb (D:3)
  A gnoll shaman (D:4)
  8 gnolls
  8 adders
  An adder skeleton (D:4)
  A worm (D:3)
  3 dart slugs
  A leopard gecko (D:3)
  10 orcs
  2 bats
  8 giant cockroaches
  5 goblins
  6 hobgoblins
  13 jackals
  2 quokkas
  A ball python (D:1)
  2 frilled lizards
  13 kobolds
  6 rats
100 creatures vanquished.

Notes
Turn   | Place    | Note
-------+----------+-------------------------------------------
     0 | D:1      | EnegeticOcto the Octopode Fighter began the quest for the
                  | Orb.
     0 | D:1      | Reached XP level 1. HP: 16/16 MP: 1/1
   223 | D:1      | Reached XP level 2. HP: 8/21 MP: 2/2
   887 | D:2      | Reached XP level 3. HP: 22/26 MP: 3/3
  1021 | D:2      | Noticed Jessica
  1027 | D:2      | Reached skill level 3 in Long Blades
  1041 | D:2      | Killed Jessica
  1041 | D:2      | Reached XP level 4. HP: 7/31 MP: 4/4
  1599 | D:2      | Found an iron altar of Okawaru.
  1941 | D:2      | Reached XP level 5. HP: 12/37 MP: 5/5
  2165 | D:2      | Found a faded altar of an unknown god.
  2214 | D:2      | Reached skill level 4 in Long Blades
  2634 | D:3      | Gained mutation: You have a pair of small antennae on your
                  | head. [potion of mutation]
  2634 | D:3      | Gained mutation: Your muscles are strong. (Str +2) [potion
                  | of mutation]
  2647 | D:3      | Noticed Ijyb
  2659 | D:3      | Killed Ijyb
  2922 | D:3      | Reached XP level 6. HP: 43/43 MP: 6/6
  3268 | D:4      | Found a runed translucent gate.
  3268 | D:4      | Found a runed translucent gate.
  3269 | D:4      | Identified the cursed +0 dagger of Gyeman {chaos, rN+++
                  | Str-5}
  3270 | D:4      | Noticed sixsigma's ghost (amateur GnWz)
  3272 | D:4      | Found a runed translucent gate.
  3418 | D:4      | Reached skill level 5 in Long Blades
  3564 | D:4      | Reached XP level 7. HP: 31/49 MP: 7/7
  4090 | D:4      | HP: 2/49 [something/puff of flame (8)]
  4091 | D:4      | Killed from afar by an orc wizard

Levels and vault maps discovered:
D:1:      dpeg_arrival_pits, layout_basic
D:2:      layout_loops_ring, chequers_ecumenical_altar_grove,
          hangedman_decor_slide_cut, okawaru_gym_becter,
          uniq_crazy_yiuf_cottage, uniq_jessica
D:3:      layout_basic, first_ration, st_stairs_4, uniq_ijyb
D:4:      layout_basic, gammafunk_ghost_nasty_kobolds, serial_shops,
          nicolae_shop_stone, kennysheep_path_1, uniq_natasha

Skill      XL: |  1  2  3  4  5  6 |
---------------+-------------------+-----
Long Blades    | 3 4 5 |  5.6
Fighting       | 4 |  4.7
Shields        | 4 |  4.7
Dodging        | |  3.0

Action                   |  1- 3 |  4- 6 |  7- 9 || total
-------------------------+-------+-------+-------++-------
Melee: Long sword        |    44 |   130 |    25 ||   199
       Constrict         |    10 |    40 |     7 ||    57
       Tentacles         |     9 |    26 |     3 ||    38
  Use: Scroll            |       |     6 |       ||     6
       Potion            |       |     1 |       ||     1
 Stab: Sleeping          |     4 |     8 |     1 ||    13
  Eat: Chunk             |       |     9 |       ||     9
Armor: Skin              |     4 |     6 |       ||    10
Dodge: Dodged            |    22 |    62 |     5 ||    89
Block: Kite shield       |    25 |    63 |    10 ||    98
       Rpst.: Long sword |     7 |    19 |     1 ||    27

Table legend:
 A = Non-vault XP
 B = Vault XP
 C = Vault XP percentage of total XP
 D = Non-vault monster count
 E = Vault monster count
 F = Vault count percentage of total count
                 A         B        C        D         E       F
            +---------+---------+-------+---------+---------+-------
      Total |     693 |      91 |  11.6 |      96 |       4 |   4.0
            +---------+---------+-------+---------+---------+-------
        D:1 |      33 |       0 |   0.0 |      19 |       0 |   0.0
        D:2 |     160 |      37 |  18.8 |      32 |       1 |   3.0
        D:3 |     103 |      54 |  34.4 |      25 |       3 |  10.7
        D:4 |     397 |       0 |   0.0 |      20 |       0 |   0.0
            +---------+---------+-------+---------+---------+-------
